 Dungeon Crawl Stone Soup version 0.28-a0-834-g1a73be5ee4 (webtiles) character file.

Game seed: 13253862573297952472

135 funkygono the Shield-Bearer (level 5, 0/42 HPs)
             Began as a Formicid Fighter on Nov 11, 2021.
             Slain by Ijyb (3 damage)
             ... on level 3 of the Dungeon.
             The game lasted 00:03:03 (3361 turns).

funkygono the Shield-Bearer (Formicid Fighter)      Turns: 3361, Time: 00:03:04

Health: 0/42       AC:  7    Str: 22    XL:     5   Next: 41%
Magic:  5/5        EV: 10    Int:  7    God:
Gold:   89         SH:  4    Dex: 10    Spells: 4/4 levels left

rFire   . . .      SeeInvis +   a - +0 flail
rCold   . . .      Faith    .   c - +0 buckler
rNeg    . . .      Spirit   .   b - +0 scale mail
rPois   .          Reflect  .   (helmet unavailable)
rElec   .          Harm     .   (no cloak)
rCorr   .          Rampage  .   (no gloves)
Will    .....                   (no boots)
Stlth   ..........              (no amulet)
HPRegen 0.14/turn               (no ring)
MPRegen 0.09/turn               (no ring)

@: no status effects
A: permanent stasis, dig shafts and tunnels, antennae 3, four strong arms
a: Dig, Shaft Self


You were on level 3 of the Dungeon.
You visited 1 branch of the dungeon, and saw 3 of its levels.

You collected 89 gold pieces.

Inventory:

Hand Weapons
 a - a +0 flail (weapon)
Missiles
 e - 91 stones
Armour
 b - a +0 scale mail (worn)
 c - a +0 buckler (worn)
Scrolls
 f - a scroll of magic mapping
Potions
 d - a potion of might


   Skills:
 + Level 3.9 Fighting
 + Level 3.5 Maces & Flails
 + Level 4.1 Armour
 + Level 0.8 Dodging
 + Level 0.1 Stealth
 + Level 4.3 Shields


You had 4 spell levels left.
You didn't know any spells.
Your spell library was empty.

Dungeon Overview and Level Annotations

Branches:
Dungeon (3/15)

Altars:

Annotations:
D:3 2 runed translucent doors, Ijyb; sn0wgr3's ghost, amateur MiFi


Innate Abilities, Weirdness & Mutations

You cannot be hasted, slowed, berserked, paralysed or teleported.
You can dig through walls and to a lower floor.
You have a pair of large antennae on your head. (SInv)
Your four strong arms can wield two-handed weapons with a shield.


Message History

The endoplasm quivers.
Ijyb the Twisted Goblin comes into view.
She is wielding a +0 dagger and carrying a wand of mindburst (15).
Ijyb shouts!
You hear a shout!
An orc comes into view. It is wielding a +0 short sword.
Ijyb drinks a potion.
Ijyb flickers and vanishes for a moment.
The endoplasm freezes you.
You are frozen.
You sock the endoplasm!
You kill the endoplasm!
You barely miss the orc. The orc hits you but does no damage.
You sock the orc!
You kill the orc!
Ijyb screams, "You nasty!
Big nasty!"
Ijyb screams, "I dance on your bones!" You block Ijyb's attack.
Things that are here:
a +0 short sword; a +0 ring mail You hit Ijyb.
Ijyb is lightly wounded.
Ijyb hits you with a +0 dagger. Ijyb hits you but does no damage.
You hit Ijyb but do no damage.
Ijyb is lightly wounded.
Ijyb zaps a wand.
Your mind is blasted!
Ouch! That really hurt!
* * * LOW HITPOINT WARNING * * *
You barely miss Ijyb.
Ijyb is lightly wounded.
Ijyb zaps a wand.
Your mind is blasted!
* * * LOW HITPOINT WARNING * * *
You closely miss Ijyb.
Ijyb is lightly wounded.
You block Ijyb's attack.
You closely miss Ijyb.
Ijyb is lightly wounded.
Ijyb hits you but does no damage. You block Ijyb's attack.
You hit Ijyb.
Ijyb is moderately wounded.
Ijyb hits you with a +0 dagger.
You die...

##############
#...>g@......#
#.###.#####..########
#. #.........# #.
#..######.### #.
#..######.... #.
#............ #.
##.########## ## #.#
#.#


You could see Ijyb (invisible).

Vanquished Creatures
  Jessica (D:2)
  Robin (D:2)
  A gnoll (D:3)
  An adder (D:2)
  A worm (D:2)
  A dart slug (D:1)
  2 orcs (D:3)
  9 endoplasms
  3 giant cockroaches
  6 hobgoblins
  4 jackals (D:3)
  3 kobolds
  4 quokkas
  5 ball pythons
  5 bats
  3 frilled lizards
  11 goblins
  4 rats
65 creatures vanquished.

Notes
Turn   | Place    | Note
-------+----------+-------------------------------------------
     0 | D:1      | funkygono the Formicid Fighter began the quest for the Orb.
     0 | D:1      | Reached XP level 1. HP: 18/18 MP: 1/1
    94 | D:1      | Reached XP level 2. HP: 17/24 MP: 2/2
   471 | D:1      | Found a faded altar of an unknown god.
   590 | D:1      | Reached XP level 3. HP: 29/29 MP: 3/3
  1839 | D:2      | Reached XP level 4. HP: 32/37 MP: 4/4
  1887 | D:2      | Noticed Jessica
  1898 | D:2      | Killed Jessica
  2566 | D:3      | Noticed Robin
  2845 | D:2      | Killed Robin
  2846 | D:2      | Reached XP level 5. HP: 7/42 MP: 5/5
  3269 | D:3      | Found a runed translucent gate.
  3269 | D:3      | Found a runed translucent gate.
  3269 | D:3      | Noticed sn0wgr3's ghost (amateur MiFi)
  3270 | D:3      | Identified the +0 whip "Xast" {flame, rCorr}
  3350 | D:3      | Noticed Ijyb
  3358 | D:3      | HP: 2/42 [disintegration (4)]
  3361 | D:3      | Slain by Ijyb

Illustrated notes

Levels and vault maps discovered:
D:1:      wheals_arrival_linesprint, layout_loops_cross,
          shapermc_ecumenical_altar_totnotflames
D:2:      layout_basic, minmay_misc_feat_encased, minmay_tetromino_s2,
          uniq_jessica
D:3:      lemuel_castle_with_subvaults [lemuel_castle_interior_carwin_2],
          layout_loops_ring, biasface_ghost_orc_armoury, uniq_ijyb, uniq_robin

Skill      XL: |  1  2  3  4 |
---------------+-------------+-----
Shields        | 4 |  4.3
Maces & Flails | 3 |  3.5
Armour         | 4 |  4.1
Fighting       | |  3.9
Dodging        | |  0.8
Stealth        | |  0.1

Action                   |  1- 3 |  4- 6 || total
-------------------------+-------+-------++-------
Melee: Flail             |   108 |    87 ||   195
  Use: Scroll            |     2 |     1 ||     3
Armor: Scale mail        |    66 |    62 ||   128
Dodge: Dodged            |    59 |    62 ||   121
Block: Buckler           |    17 |    34 ||    51

Table legend: (Time is in decaauts)
 A = Elapsed time spent in this place.
 B = Non-inter-level travel time spent in this place.
 C = Inter-level travel time spent in this place.
 D = Time resting spent in this place.
 E = Time spent auto-exploring this place.
 F = Levels seen in this place.
 G = Mean time per level.
                   A        B        C        D        E       F      G
               +--------+--------+--------+--------+--------+-----+--------+
         Total |   3414 |   3246 |    168 |    481 |   2276 |   3 | 1138.0 |
       Dungeon |   3414 |   3246 |    168 |    481 |   2276 |   3 | 1138.0 |
               +--------+--------+--------+--------+--------+-----+--------+

Top non-repeatable levels by time:
     D:2: 1953 daAuts
     D:1: 1174 daAuts
     D:3: 286 daAuts
